 Dungeon Crawl Stone Soup version 0.31-a0-876-gfe8ebadbca (webtiles) character file.

Game seed: 14764522592844385438

123 promet the Caller (level 4, -3/24 HPs)
             Began as a Deep Elf Summoner on Oct 13, 2023.
             Succumbed to Sigmund's poison
             ... on level 2 of the Dungeon on Oct 16, 2023.
             The game lasted 00:15:21 (2952 turns).

promet the Caller (Deep Elf Summoner)               Turns: 2952, Time: 00:15:21

Health: -3/24      AC:  7    Str:  7    XL:     4   Next: 80%
Magic:  8/12       EV: 12    Int: 20    God:
Gold:   100        SH:  0    Dex: 15    Spells: 3/12 levels left

rFire   . . .        a - +0 short sword
rCold   + . .        (no shield)
rNeg    . . .        n - +3 leather armour "Ysugh" {rC+}
rPois   .            (no helmet)
rElec   .            (no cloak)
rCorr   .            (no gloves)
SInv    .            i - +0 pair of boots
Will    .....        (no amulet)
Stlth   ++           (no ring)
HPRegen 0.24/turn    (no ring)
MPRegen 0.13/turn

%: no passive effects
@: lethally poisoned (-3 -> -14), on berserk cooldown, slowed, very slow
A: no striking features
a: no special abilities


You were on level 2 of the Dungeon.
You visited 1 branch of the dungeon, and saw 2 of its levels.

You collected 100 gold pieces.

Inventory:

Hand Weapons
 a - a +0 short sword (weapon)
Missiles
 e - 2 boomerangs (quivered)
Armour
 i - a +0 pair of boots (worn)
 n - the +3 leather armour "Ysugh" (worn) {rC+}
   (You found it on level 2 of the Dungeon)

   rC+:       It protects you from cold.
 p - a +0 helmet
Scrolls
 d - a scroll of immolation
 l - 2 scrolls of teleportation
Potions
 b - a potion of magic
 c - a potion of berserk rage
 f - a potion of resistance {unknown}
 g - a potion of enlightenment {unknown}
 h - a potion of ambrosia {unknown}
 j - a potion of mutation {unknown}
 k - a potion of haste {unknown}
 m - a potion of heal wounds {unknown}
 o - a potion of brilliance {unknown}
 q - a potion of curing {unknown}


   Skills:
 + Level 0.2 Fighting
 + Level 0.1 Short Blades
 + Level 0.3 Armour
 + Level 2.6 Dodging
 + Level 3.1 Stealth
 + Level 4.8 Spellcasting
 + Level 5.4 Summonings


You had 3 spell levels left.
You knew the following spells:

 Your Spells              Type           Power      Damage    Failure   Level
a - Summon Small Mammal   Summ           100%       N/A       1%          1
b - Call Imp              Summ           52%        N/A       2%          2
c - Call Canine Familiar  Summ           26%        N/A       5%          3
d - Summon Guardian Gole  Hex/Summ       15%        N/A       17%         3

Your spell library contained the following spells:

 Spells                   Type           Power      Damage    Failure   Level
 Summon Lightning Spire   Summ/Air       15%        N/A       50%         4


Dungeon Overview and Level Annotations

Branches:
Dungeon (2/15)

Altars:

Annotations:
D:2 Sigmund


Message History

You are confused.
You are too confused!
Unknown command.
You are too confused!
Unknown command.
You're too confused to cast spells.
It was a potion of berserk rage.
A red film seems to cover your vision as you go berserk!
You feel yourself moving faster!
You feel mighty!
Sigmund hits you from afar with a +0 scythe of venom!
You are poisoned.
You feel a strong urge to attack something.
You feel sick.
You feel sick. Sigmund misses you.
You feel your anger nearly subside.
You are no longer berserk.
You are exhausted.
You feel yourself slow down.
You feel sick.
You're too confused to cast spells.
You're too confused to move!
You feel sick. Sigmund misses you.
You're too confused to move!
You feel less confused.
You feel sick. Sigmund closely misses you.
Casting: Call Imp (safe; 2% risk of failure)
Confirm with . or Enter, or press ? or * to list all spells.
A tiny devil pulls itself out of the air.
You feel sick. Sigmund hits you but does no damage.
You are more poisoned.
Casting: Call Imp (safe; 2% risk of failure)
Confirm with . or Enter, or press ? or * to list all spells.
You feel very sick. Sigmund closely misses you.
Your cerulean imp hits Sigmund with a -2 spear.
You feel sick.
Your cerulean imp misses Sigmund. x2
You feel sick.
Your hound misses Sigmund.
Sigmund hits you from afar with a +0 scythe of venom.
* * * LOW HITPOINT WARNING * * *
You are more poisoned.
Your cerulean imp closely misses Sigmund.
Your hound bites Sigmund.
You die...

#.....#######################
#.....##.................g..'
#........###.........########
#........# #.........# #
#........# #.........### #
#........###...........######
#..>....)))...@..............
#.....#####..h5..............
###.### #.@................
#.# #.................. #.#
#...###............ #.# #...#
#............ #.# #...#
#............ #.# #...#
#..########## #.# #...#
##.##### # #.# #####
#.....### # #.# #.#
#####.).## #


You could see Sigmund (ally target), a friendly hound (summoned) and a friendly
cerulean imp (summoned).

Vanquished Creatures
  2 adders (D:2)
  A dart slug (D:2)
  A ball python (D:2)
  A hobgoblin (D:1)
  A bat (D:1)
  2 kobolds (D:1)
  3 rats (D:1)
11 creatures vanquished.

Vanquished Creatures (collateral kills)
  Jessica (D:2)
  Robin (D:2)
  2 adders (D:2)
  A worm (D:2)
  2 dart slugs
  3 ball pythons
  A bat (D:2)
  An endoplasm (D:1)
  2 giant cockroaches (D:2)
  7 goblins (D:2)
  4 hobgoblins (D:2)
  2 quokkas (D:1)
  A frilled lizard (D:2)
  A kobold (D:1)
  3 rats
32 creatures vanquished.

Grand Total: 43 creatures vanquished

Notes
Turn   | Place    | Note
-------+----------+-------------------------------------------
     0 | D:1      | promet the Deep Elf Summoner began the quest for the Orb.
     0 | D:1      | Reached XP level 1. HP: 10/10 MP: 6/6
     7 | D:1      | Found a faded altar of an unknown god.
   517 | D:1      | Reached XP level 2. HP: 15/15 MP: 6/8
   520 | D:1      | Learned a level 2 spell: Call Imp
  1168 | D:2      | Reached skill level 5 in Summonings
  1168 | D:2      | Reached XP level 3. HP: 13/19 MP: 2/9
  1245 | D:2      | Learned a level 3 spell: Call Canine Familiar
  1248 | D:2      | Noticed Sigmund
  1988 | D:2      | Identified the +3 leather armour "Ysugh" {rC+}
  2054 | D:2      | Noticed Jessica
  2063 | D:2      | Killed Jessica
  2064 | D:2      | Reached XP level 4. HP: 24/24 MP: 6/12
  2133 | D:2      | Learned a level 3 spell: Summon Guardian Golem
  2248 | D:2      | Noticed Robin
  2336 | D:2      | Killed Robin
  2951 | D:2      | HP: 1/24 [Sigmund/+0 scythe of venom (5)]
  2952 | D:2      | Succumbed to Sigmund's poison

Illustrated notes

Levels and vault maps discovered:
D:1:      doesnt_arrival_eight_statues, layout_rooms,
          hellmonk_ecumenical_altar_slurped_away, minmay_hexomino_f4
D:2:      layout_basic, uniq_robin, uniq_jessica, uniq_sigmund

Skill      XL: |  1  2  3  4 |
---------------+-------------+-----
Summonings     | 5 |  5.4
Spellcasting   | 4 |  4.8
Stealth        | 3 |  3.1
Fighting       | |  0.2
Short Blades   | |  0.1
Armour         | |  0.3
Dodging        | |  2.6

Action                     |  1- 3 |  4- 6 || total
---------------------------+-------+-------++-------
  Melee: Unarmed           |    10 |       ||    10
         Short sword       |    43 |     7 ||    50
         Punch             |     2 |       ||     2
   Cast: Summon Small Mamm |    24 |    13 ||    37
         Call Imp          |    12 |     6 ||    18
         Call Canine Famil |     3 |     3 ||     6
    Use: Scroll            |     3 |       ||     3
         Potion            |       |     1 ||     1
   Stab: Sleeping          |     4 |       ||     4
 Armour: Robe              |    28 |       ||    28
         Leather armour    |       |     8 ||     8
  Dodge: Dodged            |    34 |    12 ||    46

Table legend: (Time is in decaauts)
 A = Elapsed time spent in this place.
 B = Non-inter-level travel time spent in this place.
 C = Inter-level travel time spent in this place.
 D = Time resting spent in this place.
 E = Time spent auto-exploring this place.
 F = Levels seen in this place.
 G = Mean time per level.
                   A        B        C        D        E       F      G
               +--------+--------+--------+--------+--------+-----+--------+
         Total |   2955 |   2842 |    113 |    979 |    475 |   2 | 1477.5 |
       Dungeon |   2955 |   2842 |    113 |    979 |    475 |   2 | 1477.5 |
               +--------+--------+--------+--------+--------+-----+--------+

Top non-repeatable levels by time:
     D:2: 1774 daAuts
     D:1: 1181 daAuts
